 Dungeon Crawl Stone Soup version 0.23.1-41-g7e51ed32d8 (webtiles) character file.

Game seed: 17059223718036176465

10930 Norn the Fighter (level 11, -12/102 HPs)
             Began as a White Draconian Wizard on Mar 29, 2019.
             Was a Believer of Sif Muna.
             Mangled by a polar bear (22 damage)
             ... on level 2 of the Lair of Beasts.
             The game lasted 01:20:39 (27179 turns).

Norn the Fighter (White Draconian Wizard)          Turns: 27179, Time: 01:20:39

Health: -12/102    AC:  7    Str: 10    XL:     11   Next: 42%
Magic:  0/21       EV: 26    Int: 24    God:    Sif Muna [**....]
Gold:   727        SH:  9    Dex:  9    Spells: 15/24 levels left

rFire    . . .     SeeInvis .   C - +0 blowgun
rCold    + . .     Gourm    .   O - +0 shield
rNeg     . . .     Faith    .   (armour unavailable)
rPois    .         Spirit   .   a - +0 hat
rElec    .         Reflect  .   (no cloak)
rCorr    .         Harm     .   (no gloves)
MR       .....                  (no boots)
Stlth    ++........             G - amulet of the acrobat
HPRegen  0.27/turn              M - +2 ring of intelligence
MPRegen  0.17/turn              (no ring)

@: acrobat, no casting
A: breathe frost, unfitting armour, cold resistance 1, cold-blooded, AC +7
a: Breathe Frost, Stop Divine Energy, Renounce Religion


You were on level 2 of the Lair of Beasts.
You worshipped Sif Muna.
Sif Muna was pleased with you.
You were not hungry.

You visited 3 branches of the dungeon, and saw 13 of its levels.

You collected 837 gold pieces.
You spent 110 gold pieces at shops.

Inventory:

Hand Weapons
 h - a +2 dagger of pain
   (You found it on level 1 of the Dungeon)
 C - a +0 blowgun (weapon)
   (You took it off a kobold on level 3 of the Dungeon)
Missiles
 b - 4 javelins
 x - 2 throwing nets {!f}
 D - 6 poisoned needles (quivered)
 F - 189 stones
Armour
 a - a +0 hat (worn)
 v - a +0 large shield
   (You took it off Edmund on level 5 of the Dungeon)
 O - a +0 shield (worn)
   (You found it on level 2 of the Lair of Beasts)
Magical Staves
 y - a cursed staff of poison
   (You took it off an orc wizard on level 7 of the Dungeon)
Jewellery
 G - an amulet of the acrobat (around neck)
   (You found it on level 8 of the Dungeon)
 M - a +2 ring of intelligence (left hand)
   (You found it on level 2 of the Lair of Beasts)
Wands
 c - a wand of disintegration (5)
   (You found it on level 9 of the Dungeon)
 d - a wand of iceblast (11)
   (You found it on level 9 of the Dungeon)
 t - a wand of flame (36)
   (You took it off Pikel on level 7 of the Dungeon)
 w - a wand of polymorph (5)
   (You found it on level 7 of the Dungeon)
Scrolls
 f - 2 scrolls of fog
 i - 8 scrolls of teleportation {@r4}
 m - a scroll of random uselessness {unknown}
 u - a scroll of torment {unknown}
 z - 2 scrolls of enchant weapon
 B - a scroll of remove curse {@r2}
 H - 11 scrolls of identify {@r1}
 I - a scroll of immolation {unknown}
 J - a scroll of magic mapping
 L - a scroll of noise {unknown}
 N - a scroll of blinking {unknown}
Potions
 g - 3 potions of flight {unknown}
 j - 7 potions of heal wounds {@q2}
 k - 2 potions of lignification {unknown}
 l - 2 potions of might {unknown}
 n - a potion of mutation {unknown}
 p - a potion of degeneration {unknown}
 q - 4 potions of agility
 r - 3 potions of haste {unknown}
 s - 3 potions of brilliance {unknown}
 A - 3 potions of ambrosia {unknown}
 E - 2 potions of cancellation {unknown}
Comestibles
 e - 7 rations {!d}


   Skills:
 + Level 11.3 Fighting
 - Level 3.0 Dodging
 - Level 1.7 Stealth
 * Level 6.9 Shields
 - Level 7.2 Spellcasting
 - Level 7.0 Conjurations
 + Level 4.2 Summonings
 - Level 4.3 Translocations
 - Level 3.0 Air Magic
 - Level 4.1 Poison Magic


You had 15 spell levels left.
You knew the following spells:

 Your Spells              Type           Power        Failure   Level  Hunger
a - Magic Dart            Conj           ####         1%          1    None
b - Blink                 Tloc           N/A          4%          2    None
f - Mephitic Cloud        Conj/Pois/Air  ####....     9%          3    None
n - Summon Butterflies    Summ           ####....     3%          1    None
x - Call Imp              Summ           ####....     5%          2    None

Your spell library contained the following spells:

 Spells                   Type           Power        Failure   Level  Hunger
 Apportation              Tloc           ####..       3%          1    None
 Gell's Gravitas          Tloc           ####......   10%         3    None
 Lesser Beckoning         Tloc           ####......   10%         3    None
 Conjure Flame            Conj/Fire      ####....     14%         3    None
 Confusing Touch          Hex            #.....       21%         1    None
 Slow                     Hex            #.......     30%         2    None
 Confuse                  Hex            #.......     52%         3    None
 Tukima's Dance           Hex            #.......     52%         3    None
 Petrify                  Tmut/Erth      #.......     89%         4    ###....
 Alistair's Intoxication  Tmut/Pois      ###.....     93%         5    #####..
 Metabolic Englaciation   Hex/Ice        #.........   99%         5    #####..
 Yara's Violent Unravell  Hex/Tmut       #.........   99%         5    #####..
 Invisibility             Hex            #.......     100%        6    ######.


Dungeon Overview and Level Annotations

Branches:
Dungeon (9/15)             Temple (1/1) D:7            Lair (3/6) D:8
  Snake (0/4) Lair:2
  Swamp: Lair:2-4    Shoals: Lair:2-4       Orc: D:9-12

Altars:
Ashenzari
Cheibriados
Dithmenos
Elyvilon
Fedhas
Gozag
Hepliaklqana
Kikubaaqudgha
Makhleb
Nemelex Xobeh
Okawaru
Qazlal
Ru
Sif Muna
Trog
Uskayaw
Vehumet
Wu Jian
Xom
Yredelemnul
Zin
The Shining One

Shops:
D:5 *   D:8 *   D:9 (

Annotations:
D:8 2 transporters, PentaManta's ghost, novice HaHu
Lair:1 1 runed translucent door


Innate Abilities, Weirdness & Mutations

You can breathe waves of freezing cold.
You can buffet flying creatures when you breathe cold.
Your icy white scales are hard. (AC +7)
You cannot fit into any form of body armour.
Your flesh is cold resistant. (rC+)
You are cold-blooded and may be slowed by cold attacks.


Message History

The polar bear closely misses you. You block the polar bear's attack.
Firing (i - inventory. (/) - cycle)
D - 7 poisoned needles (quivered)
Aim: a polar bear (almost dead, berserk, fast, unusually strong, poisoned)
You shoot a poisoned needle.
The poisoned needle completely misses the polar bear.
You block the polar bear's attack. x3; The polar bear bites you!!
* * * LOW HITPOINT WARNING * * *
The polar bear claws you.
* * * LOW HITPOINT WARNING * * *
You block the polar bear's attack.
You blink.
Sif Muna grants you divine energy.
You briefly lose access to your magic!
The polar bear closely misses you. The polar bear barely misses you.
The polar bear claws you but does no damage.
You are unable to access your magic!
The polar bear completely misses you. x2; You block the polar bear's attack.
You see here a poisoned needle.
You are unable to access your magic!
You are unable to access your magic!
You regain access to your magic.
The polar bear bites you!
* * * LOW HITPOINT WARNING * * *
The polar bear closely misses you. The polar bear completely misses you.
You blink.
Sif Muna grants you divine energy.
You briefly lose access to your magic!
What are your orders? t - Shout!
Orders for allies: a - Attack new target. p - Attack previous target. r - Retreat! s - Stop attacking. g - Guard the area. f - Follow me.
Anything else - Cancel.
Okay, then.
As you read the scroll of fear, it crumbles to dust.
You assume a fearsome visage.
You regain access to your magic.
The polar bear bites you.
* * * LOW HITPOINT WARNING * * *
The polar bear claws you.
* * * LOW HITPOINT WARNING * * *
The polar bear claws you but does no damage.
The polar bear misses you.
The polar bear claws you but does no damage.
The polar bear misses you.
You blink.
Sif Muna grants you divine energy.
You briefly lose access to your magic!
The polar bear bites you!!
You die...

....................(............
....................(............
PP.................(.............
...................#..#.##.......
#........................#....###
#....P##.###.#ยง....#..........###
#....###..##.......#.....#....#..
+....##...((h...h..............#.
.....##....###.#@####.##......##.
#....##...##.#..#..#.#.##......+.
.........(#.#.##..#.##..#......##
....>###h(##.######...##.#....##.
.....P###.#....##...#...#........
...........##.#......#.##........
..........#.##.#....#.###........
...........##...##...#.##........
..........#..).##.#...##.........


You could see 2 polar bears.

Vanquished Creatures
  Erolcha (D:9)
  A two-headed ogre (D:7)
  A queen ant (Lair:2)
  Pikel (D:7)
  Joseph (D:8)
  2 spiny frogs
  A rime drake (Lair:2)
  3 komodo dragons
  3 polar bears
  2 hippogriffs
  4 yaks
  A naga (Lair:2)
  4 soldier ants
  2 water moccasins
  5 black bears
  An orc warrior (D:8)
  3 ogres
  A centaur (D:7)
  8 crocodiles
  4 bullfrogs
  3 scorpions
  6 killer bees (D:9)
  A crimson imp (D:5)
  2 hounds
  2 jellies
  2 centaur skeletons
  An iguana (D:7)
  2 orc wizards (D:7)
  13 worker ants
  6 adders
  4 gnolls (D:8)
  A shadow imp (D:6)
  2 adder zombies
  An adder skeleton (D:6)
  2 worms
  A dart slug (D:1)
  3 leopard geckos
  11 orcs
  A ball python (D:2)
  5 giant cockroaches
  8 goblins
  8 hobgoblins
  2 jackals (D:9)
  7 kobolds
  3 quokkas
  11 bats
  10 frilled lizards
  2 leopard gecko zombies
  A quokka skeleton (D:6)
  A quokka zombie (D:8)
  7 rats
  A plant (Lair:1)
179 creatures vanquished.

Vanquished Creatures (collateral kills)
  A black mamba (Lair:1)
  A spiny frog (Lair:2)
  A polar bear (Lair:2)
  2 yaks
  A basilisk (Lair:2)
  Edmund (D:5)
  3 soldier ants (Lair:2)
  A porcupine (Lair:2)
  2 water moccasins (Lair:2)
  A slave (D:6)
  A sky beast (D:5)
  An ogre (D:7)
  A wolf (Lair:1)
  2 centaurs (D:6)
  A crocodile (Lair:1)
  Blork the orc (D:4)
  2 scorpions
  A howler monkey (D:5)
  2 bullfrog zombies (D:6)
  2 hounds
  2 jellies
  An orc priest (D:4)
  2 orc wizards
  A bullfrog skeleton (D:4)
  6 worker ants
  A howler monkey zombie (D:6)
  7 adders
  An adder skeleton (D:4)
  4 worms
  3 leopard geckos
  12 orcs
  2 giant cockroaches
  3 goblins
  5 hobgoblins
  2 jackals (D:2)
  A kobold (D:3)
  A quokka (D:3)
  A ball python (D:3)
  2 leopard gecko skeletons
  A quokka skeleton (D:9)
86 creatures vanquished.

Vanquished Creatures (others)
  4 fungi
  4 plants
  9 toadstools (Lair:1)
17 creatures vanquished.

Grand Total: 282 creatures vanquished

Notes
Turn   | Place    | Note
-------+----------+-------------------------------------------
     0 | D:1      | Norn the Draconian Wizard began the quest for the Orb.
     0 | D:1      | Reached XP level 1. HP: 14/14 MP: 4/4
   689 | D:1      | Reached XP level 2. HP: 20/20 MP: 3/6
  1041 | D:1      | Learned a level 2 spell: Call Imp
  1493 | D:1      | Reached XP level 3. HP: 26/26 MP: 3/7
  2625 | D:2      | Found a glowing golden altar of the Shining One.
  2853 | D:2      | Found a shadowy altar of Dithmenos.
  3026 | D:3      | Reached XP level 4. HP: 33/33 MP: 1/9
  4020 | D:3      | Learned a level 2 spell: Blink
  4024 | D:3      | Learned a level 3 spell: Mephitic Cloud
  4658 | D:4      | Reached XP level 5. HP: 13/38 MP: 5/11
  5304 | D:4      | Noticed Blork the orc
  5318 | D:4      | Killed Blork the orc
  5318 | D:4      | Reached skill level 1 in Air Magic
  5689 | D:5      | Entered Level 5 of the Dungeon
  5717 | D:5      | Reached XP level 6. HP: 30/45 MP: 7/13
  5901 | D:5      | Found Nosoagepp's General Store.
  5978 | D:5      | Reached skill level 1 in Fighting
  5978 | D:5      | Reached skill level 5 in Spellcasting
  6009 | D:5      | Noticed a sky beast
  6314 | D:5      | Killed a sky beast
  6553 | D:5      | Noticed Edmund
  6967 | D:5      | Killed Edmund
  6967 | D:5      | Reached skill level 2 in Fighting
  6967 | D:5      | Your scales start taking on an icy white colour.
  6967 | D:5      | Reached XP level 7. HP: 54/55 MP: 1/15
  6967 | D:5      | Gained mutation: Your flesh is cold resistant. (rC+) [White
                  | Draconian growth]
  8145 | D:6      | Found a basalt altar of Yredelemnul.
  8262 | D:6      | Found a burning altar of Makhleb.
  8539 | D:6      | Reached skill level 3 in Fighting
  8708 | D:6      | Reached skill level 1 in Poison Magic
  9226 | D:7      | Found the +3 robe of Folly {Archmagi, MR-- Int+5}
  9406 | D:7      | Reached XP level 8. HP: 63/63 MP: 2/17
  9522 | D:7      | Found a staircase to the Ecumenical Temple.
  9577 | Temple   | Entered the Ecumenical Temple
  9801 | Temple   | Became a worshipper of Sif Muna the Loreminder
 10133 | D:7      | Found a blossoming altar of Fedhas.
 10135 | D:7      | Noticed a hippogriff
 10882 | D:7      | Reached skill level 4 in Fighting
 10916 | D:7      | Killed a hippogriff
 11168 | D:7      | Noticed Pikel
 11486 | D:7      | Killed Pikel
 11486 | D:7      | Reached skill level 5 in Fighting
 11870 | D:8      | Noticed a two-headed ogre
 11874 | D:8      | Reached * piety under Sif Muna
 12770 | D:7      | Found a blossoming altar of Fedhas.
 13057 | D:7      | Killed a two-headed ogre
 13057 | D:7      | Reached skill level 6 in Fighting
 13057 | D:7      | Reached XP level 9. HP: 78/78 MP: 11/19
 13420 | D:8      | Noticed a komodo dragon
 13489 | D:7      | Killed a komodo dragon
 13489 | D:7      | Reached skill level 7 in Fighting
 13752 | D:8      | Found a staircase to the Lair.
 13799 | D:8      | Found Kaycvuh's General Store.
 13807 | D:8      | Bought 2 potions of heal wounds for 110 gold pieces
 13886 | D:8      | Noticed PentaManta's ghost (novice HaHu)
 13889 | D:8      | Found a transporter.
 14103 | D:8      | Found a transporter.
 14308 | D:8      | Learned a level 1 spell: Summon Butterflies
 14554 | D:8      | Reached skill level 8 in Fighting
 15116 | D:9      | Found Udokaceb's Weapon Boutique.
 15489 | D:9      | Noticed Erolcha
 15528 | D:9      | Killed Erolcha
 15528 | D:9      | Reached skill level 9 in Fighting
 15528 | D:9      | Reached skill level 5 in Conjurations
 15528 | D:9      | Reached XP level 10. HP: 91/91 MP: 15/20
 16382 | Lair:1   | Entered Level 1 of the Lair of Beasts
 16398 | Lair:1   | Noticed a spiny frog
 16977 | D:8      | Found a transporter.
 17378 | D:8      | Found Kaycvuh's General Store.
 17402 | D:8      | Killed a spiny frog
 18099 | Lair:1   | Noticed Joseph
 18727 | D:8      | Killed Joseph
 18727 | D:8      | Reached skill level 10 in Fighting
 19080 | Lair:1   | Reached skill level 1 in Shields
 20452 | Lair:1   | Noticed a lindwurm
 20452 | Lair:1   | Noticed a lindwurm
 20472 | Lair:1   | Found a runed translucent door.
 20580 | Lair:2   | Noticed a spiny frog
 21376 | Lair:2   | Killed a spiny frog
 21950 | Lair:1   | Reached ** piety under Sif Muna
 22780 | Lair:2   | Reached skill level 5 in Shields
 22780 | Lair:2   | Reached XP level 11. HP: 70/101 MP: 6/21
 24678 | Lair:2   | Found a staircase to the Snake Pit.
 24723 | Lair:1   | Reached skill level 11 in Fighting
 24749 | Lair:1   | HP: 5/102 [poisoned by a black mamba]
 24755 | Lair:1   | HP: 5/102 [poisoned by a black mamba]
 24763 | Lair:1   | HP: 5/102 [poisoned by a black mamba]
 26120 | Lair:2   | Noticed a queen ant
 26193 | Lair:2   | Killed a queen ant
 27179 | Lair:2   | Mangled by a polar bear

Skill      XL: |  1  2  3  4  5  6  7  8  9 10 11 |
---------------+----------------------------------+-----
Dodging        | 2 3 |  3.0
Conjurations   | 2 3 5 7 |  7.0
Spellcasting   | 4 5 6 7 |  7.2
Air Magic      | 1 2 3 |  3.0
Fighting       | 2 3 6 9 10 11 | 11.3
Poison Magic   | 1 4 |  4.1
Translocations | 3 4 |  4.3
Shields        | 5 6 |  6.9
Summonings     | 2 4 |  4.2
Stealth        | |  1.7

Action                   |  1- 3 |  4- 6 |  7- 9 | 10-12 || total
-------------------------+-------+-------+-------+-------++-------
Melee: Dagger            |    26 |    37 |    24 |    57 ||   144
       Unarmed           |    11 |       |       |       ||    11
       Tailslap          |       |     2 |     3 |     9 ||    14
 Fire: Blowgun           |       |       |    86 |   125 ||   211
Throw: Javelin           |       |       |     1 |       ||     1
 Cast: Magic Dart        |    96 |    81 |   224 |   499 ||   900
       Call Imp          |    26 |    86 |   125 |   114 ||   351
       Mephitic Cloud    |       |       |    34 |    29 ||    63
       Blink             |       |       |    13 |    27 ||    40
       Summon Butterflie |       |       |       |    10 ||    10
Invok: Divine Energy     |       |       |     1 |       ||     1
 Abil: Breathe Frost     |       |       |     3 |       ||     3
Evoke: Wand              |       |       |       |    12 ||    12
  Use: Scroll            |       |     4 |     5 |     3 ||    12
       Potion            |       |       |     1 |     5 ||     6
  Eat: Chunk             |     7 |    10 |    10 |    12 ||    39
       Ration            |       |     1 |     5 |     7 ||    13
Armor: Skin              |    35 |    24 |    53 |   117 ||   229
Dodge: Dodged            |    63 |    55 |   149 |   340 ||   607
Block: Shield            |       |       |       |    36 ||    36
